AoeStats
← mryendl2410

Black Forest

510310266Analyzed
4v4 RM · 17h ago on Sep 30, 2026· 45m 21s· 8 players
Game mode
Random Map
Map size
Large (8 player)
Population
200
Speed
Normal
Resources
Standard
Victory
Conquest
Starting age
Dark Age
Ending age
Imperial Age
RankedLock teamsTeams togetherTeam positionsShared explorationLock speedFull tech treeHidden civsTurbo modeCheats
Victory
Defeat
🇳🇱 Saxons · Netherlands
1431
+12
🇫🇷 Magyars · France
1395
+13
🇩🇪 Slavs · Germany
1360
+15
🇸🇪 Ethiopians · Sweden
1336
+16
🇨🇳 Italians · China
1394
-16
🇻🇳 Lithuanians · Vietnam
1333
-14
🇨🇳 Georgians · China
1312
-13
🇻🇳 Britons · Vietnam
1309
-13
hermelin*?
10:55 Feudal Age
15:25 Castle Age
13:20 Double-Bit Axe
13:37 Horse Collar
16:42 Bow Saw
17:24 Wheelbarrow
21:11 Gold Mining
21:47 Heavy Plow
23:46 Hand Cart
23:54 Stone Mining
24:13 Town Watch
24:33 Loom
28:58 Imperial Age
27:31 Gold Shaft Mining
29:25 Capped Ram
30:22 Siege Engineers
30:18 Onager
31:07 Siege Ram
33:09 Murder Holes
35:38 Coinage
35:08 Caravan
39:32 Two-Man Saw
38:44 Masonry
40:01 Crop Rotation
Si TôT
6:47 Loom
9:36 Feudal Age
18:07 Wheelbarrow
18:49 Town Watch
21:28 Castle Age
19:25 Double-Bit Axe
19:29 Horse Collar
20:34 Scale Barding Armor
22:26 Husbandry
22:30 Gold Mining
23:09 Bloodlines
27:09 Chain Barding Armor
28:06 Heavy Plow
28:22 Stone Mining
39:45 Imperial Age
37:31 Hand Cart
37:20 Town Patrol
38:06 Fletching
38:16 Padded Archer Armor
38:44 Bodkin Arrow
39:15 Ballistics
38:35 Elite Skirmisher
39:22 Thumb Ring
40:45 Leather Archer Armor
41:09 Conscription
40:53 Recurve Bow
41:36 Parthian Tactics
40:31 Heavy Cavalry Archer
42:08 Ring Archer Armor
41:39 Bracer
45:03 Spies/Treason
EVA_Rinocherino
1:44 Loom
10:19 Feudal Age
10:44 Man-at-Arms
17:43 Wheelbarrow
21:07 Double-Bit Axe
23:45 Castle Age
22:25 Fishing Lines
22:34 Fishing Lines
24:06 Fletching
23:59 Crossbowman
25:01 Bodkin Arrow
25:56 Gillnets
29:28 Bow Saw
31:22 Scale Mail Armor
39:43 Imperial Age
38:25 Chain Mail Armor
39:37 Royal Heirs
41:06 Conscription
40:11 Spies/Treason
41:17 Murder Holes
41:35 Masonry
41:32 Bracer
42:39 Chemistry
43:20 Plate Mail Armor
43:01 Elite Shotel Warrior
43:57 Forging
45:32 Iron Casting
D3AGLEZ
0:47 Loom
10:59 Feudal Age
11:25 Double-Bit Axe
12:58 Fishing Lines
17:54 Castle Age
19:28 Bow Saw
21:33 Gillnets
23:29 Wheelbarrow
23:07 Gold Mining
23:16 Town Watch
26:27 Hand Cart
29:10 Imperial Age
27:31 Gold Shaft Mining
26:49 Stone Mining
27:08 Guard Tower
27:12 Fletching
27:34 Scale Mail Armor
28:11 Fortified Wall
28:37 Forging
28:49 Ballistics
28:51 Squires
28:38 Arson
29:50 Chain Mail Armor
30:26 Masonry
30:53 Bodkin Arrow
31:09 Horse Collar
33:17 Iron Casting
33:27 Elite Varangian Guard
35:16 Plate Mail Armor
37:27 Keep
37:34 Conscription
38:10 Bracer
39:12 Chemistry
38:29 Town Patrol
38:02 Shield Wall
39:46 Spies/Treason
42:30 Siege Engineers
42:11 Arrowslits
42:56 Architecture
43:18 Gambesons
43:31 Murder Holes
45:33 Architecture
44:44 Treadmill Crane
45:07 Padded Archer Armor
46:44 Two-Man Saw
piecardinap
12:30 Feudal Age
13:55 Double-Bit Axe
16:43 Castle Age
19:15 Wheelbarrow
20:05 Loom
21:34 Horse Collar
25:39 Scale Barding Armor
mryendl2410
1:09 Loom
12:26 Feudal Age
16:15 Fletching
18:41 Padded Archer Armor
25:07 Castle Age
23:48 Double-Bit Axe
23:46 Horse Collar
24:12 Gold Mining
25:45 Bodkin Arrow
25:10 Crossbowman
FF熊熊
2:45 Loom
11:30 Feudal Age
11:58 Fishing Lines
12:05 Double-Bit Axe
16:35 Gold Mining
17:33 Stone Mining
19:06 Wheelbarrow
18:18 Town Watch
22:17 Castle Age
23:44 Gillnets
26:52 Imperial Age
25:30 Bow Saw
25:58 Stone Shaft Mining
25:37 Fletching
26:57 Hand Cart
28:36 Chemistry
27:59 Conscription
28:37 Ballistics
28:14 Bodkin Arrow
28:02 Treadmill Crane
30:02 Two-Man Saw
29:37 Bracer
30:48 Padded Archer Armor
31:15 Scale Mail Armor
31:26 Forging
30:57 Elite Genoese Crossbowman
32:33 Pikeman
33:14 Squires
33:42 Thumb Ring
37:14 Leather Archer Armor
cyfantax
10:52 Feudal Age
15:24 Castle Age
13:37 Double-Bit Axe
13:59 Horse Collar
20:22 Loom
21:16 Wheelbarrow
21:12 Bow Saw
20:55 Gold Mining
21:10 Heavy Plow
25:09 Hand Cart
25:53 Scale Barding Armor
Connection lost

Rejoining the realm…

Still unreachable

The connection could not be restored.

Session expired

The server has moved on; the page needs a fresh start.